 Dungeon Crawl Stone Soup version 0.28.0-53-g5a82cb258f (webtiles) character file.

Game seed: 17385233979646343552

2485 Peloso the Carver (level 9, 0/79 HPs)
             Began as a Minotaur Fighter on June 27, 2022.
             Was a Believer of Okawaru.
             Slain by a vampire (9 damage)
             ... on level 6 of the Dungeon.
             The game lasted 00:13:32 (5094 turns).

Peloso the Carver (Minotaur Fighter)                Turns: 5094, Time: 00:13:32

Health: 0/79       AC: 14    Str: 23    XL:     9   Next: 27%
Magic:  8/8        EV:  6    Int:  5    God:    Okawaru [**....]
Gold:   263        SH:  0    Dex: 12    Spells: 8/8 levels left

rFire   . . .      SeeInvis .   a - +1 long sword (holy)
rCold   . . .      Faith    .   c - +0 buckler
rNeg    . . .      Spirit   .   h - +0 plate armour
rPois   .          Reflect  .   (helmet restricted)
rElec   .          Harm     .   (no cloak)
rCorr   .          Rampage  .   (no gloves)
Will    .....                   g - +0 pair of boots
Stlth   ..........              (no amulet)
HPRegen 0.23/turn               (no ring)
MPRegen 0.11/turn               (no ring)

@: confused
A: horns 2, retaliatory headbutt
a: Renounce Religion, Heroism


You were on level 6 of the Dungeon.
You worshipped Okawaru.
Okawaru was pleased with you.
You visited 2 branches of the dungeon, and saw 8 of its levels.
You also visited: Ossuary.

You collected 263 gold pieces.

Inventory:

Hand Weapons
 a - a +1 long sword of holy wrath (weapon)
Armour
 b - a +0 scale mail
 c - a +0 buckler (worn)
 e - a +0 chain mail
 g - a +0 pair of boots (worn)
 h - a +0 plate armour (worn)
Scrolls
 f - a scroll of torment {unknown}
 j - a scroll of blinking {unknown}
 l - 2 scrolls of enchant armour {unknown}
 m - 3 scrolls of vulnerability {unknown}
 n - a scroll of brand weapon {unknown}
 r - 4 scrolls of enchant weapon
 s - a scroll of amnesia {unknown}
 t - a scroll of summoning {unknown}
 u - a scroll of silence {unknown}
 v - 2 scrolls of magic mapping {unknown}
 w - 3 scrolls of teleportation {unknown}
Potions
 d - 2 potions of might
 i - 2 potions of invisibility
 k - 2 potions of ambrosia
 o - a potion of haste
 q - a potion of brilliance {unknown}
 x - a potion of cancellation {unknown}


   Skills:
 + Level 7.1 Fighting
 + Level 10.5 Long Blades
 + Level 7.6 Armour
 + Level 0.6 Dodging
 + Level 7.0 Shields
 + Level 0.2 Invocations


You had 8 spell levels left.
You didn't know any spells.
Your spell library contained the following spells:

 Spells                   Type           Power      Damage    Failure   Level
 Blink                    Tloc           0%         N/A       100%        2
 Lesser Beckoning         Tloc           0%         N/A       100%        3
 Manifold Assault         Tloc           0%         N/A       100%        5


Dungeon Overview and Level Annotations

Branches:
Dungeon (7/15)             Temple (1/1) D:4         Ossuary (visited)

Altars:
Ashenzari
Cheibriados
Dithmenos
Elyvilon
Hepliaklqana
Kikubaaqudgha
Makhleb
Nemelex Xobeh
Okawaru
Qazlal
Sif Muna
Trog
Uskayaw
Wu Jian
Yredelemnul
Zin
The Shining One

Shops:
D:6 (::[(

Annotations:
D:6 4 runed translucent doors


Innate Abilities, Weirdness & Mutations

You have a pair of horns on your head.
You reflexively headbutt those who attack you in melee.


Message History

Something hits you but does no damage. Something bites you but does no damage.
You bump into the rock wall.
Something hits you but does no damage. Something bites you.
Something draws strength from your injuries!
You miss something. You headbutt something.
Something hits you but does no damage. Something bites you but does no damage.
You bump into the rock wall.
Something hits you. Something bites you.
Something draws strength from your injuries!
You feel like a meek peon again.
You're too confused to move!
You feel less confused. Something hits you. Something bites you!
Something draws strength from your injuries!
You hit something but do no damage. You headbutt something!
You hear some strange, mumbled words.
Something tries to affect you, but you resist.
You miss something. You miss something. Something hits you but does no damage.
Something bites you but does no damage.
You closely miss something. Something hits you but does no damage.
Something bites you.
Something draws strength from your injuries!
You miss something.
You hear some strange, mumbled words.
You are confused.
You bump into the rock wall.
Something hits you but does no damage. Something bites you but does no damage.
You closely miss something. You headbutt something.
Something hits you but does no damage. Something bites you!
Something draws strength from your injuries!
You miss something. Your headbutt misses something. Something hits you.
* * * LOW HITPOINT WARNING * * *
Something bites you!
* * * LOW HITPOINT WARNING * * *
Something draws strength from your injuries!
You barely miss something. Something hits you.
* * * LOW HITPOINT WARNING * * *
Something bites you but does no damage.
You closely miss something. Your headbutt misses something. Something hits you!
You die...

...##++##.'.##.#.#.#
..##8..8#####.##.#.#
..#8....8# #).#.##.#
..#$....:# ######..#
..#[....)# #####..#
..#8....8# ...##.#
..##8.u8#######..#.#
...##++##.')#.##{#.#
..........#.†#.#@#.#
.....##.#.#.####.#.#
..........##....##.#
##..####...######..#
##### #...........#
##..........#
############


There were no monsters in sight!

Vanquished Creatures
  Eustachio (D:4)
  A steam dragon (D:6)
  Menkaure (D:4)
  Edmund (D:6)
  A water moccasin (D:6)
  A sky beast (D:7)
  A necrophage (D:6)
  2 centaurs (D:6)
  2 phantoms
  A kobold brigand (D:4)
  Blork the orc (D:4)
  3 wyvern zombies (Ossuary)
  A water moccasin zombie (Ossuary)
  A scorpion (D:6)
  4 bullfrog zombies
  3 centaur zombies (Ossuary)
  An orc priest (D:6)
  2 hounds
  A centaur skeleton (D:7)
  14 mummies (Ossuary)
  An iguana (D:6)
  2 orc wizards
  5 killer bee zombies (Ossuary)
  2 howler monkey zombies (Ossuary)
  6 adders
  An ufetubus (D:4)
  A worm (D:2)
  6 dart slugs
  13 orcs
  7 ball pythons
  6 endoplasms
  4 giant cockroaches
  5 goblins
  7 hobgoblins
  6 jackals (D:4)
  5 quokkas
  4 bats
  2 frilled lizards
  8 kobolds
  9 rats
143 creatures vanquished.

Vanquished Creatures (others)
  2 plants (Temple)
  4 withered plants (Ossuary)
6 creatures vanquished.

Grand Total: 149 creatures vanquished

Notes
Turn   | Place    | Note
-------+----------+-------------------------------------------
     0 | D:1      | Peloso the Minotaur Fighter began the quest for the Orb.
     0 | D:1      | Reached XP level 1. HP: 19/19 MP: 0/0
   213 | D:1      | Reached XP level 2. HP: 24/27 MP: 1/1
   496 | D:1      | Found a faded altar of an unknown god.
   848 | D:2      | Reached XP level 3. HP: 33/33 MP: 2/2
   890 | D:2      | Reached skill level 3 in Long Blades
  1256 | D:3      | Reached XP level 4. HP: 41/41 MP: 3/3
  1412 | D:3      | Reached skill level 4 in Long Blades
  1949 | D:4      | Noticed Eustachio
  2015 | D:4      | Killed Eustachio
  2016 | D:4      | Reached skill level 5 in Long Blades
  2016 | D:4      | Reached XP level 5. HP: 7/47 MP: 4/4
  2319 | D:4      | Reached XP level 6. HP: 54/55 MP: 5/5
  2415 | D:4      | Noticed Blork the orc
  2425 | D:4      | Killed Blork the orc
  2426 | D:4      | Reached skill level 5 in Fighting
  2426 | D:4      | Reached skill level 6 in Long Blades
  2426 | D:4      | Reached skill level 5 in Armour
  2426 | D:4      | Reached skill level 5 in Shields
  2551 | D:4      | Found a staircase to the Ecumenical Temple.
  2552 | D:4      | Noticed Menkaure
  2566 | D:4      | Killed Menkaure
  2567 | D:4      | Reached XP level 7. HP: 53/61 MP: 6/6
  2584 | Temple   | Entered the Ecumenical Temple
  2780 | Temple   | Became a worshipper of Warmaster Okawaru
  3129 | D:5      | Entered Level 5 of the Dungeon
  3172 | D:5      | You fall into a shaft and drop 2 floors!
  3180 | D:7      | Reached skill level 7 in Long Blades
  3228 | D:6      | Found Ceurch's Weapon Emporium.
  3232 | D:6      | Found Xeheg's Book Emporium.
  3243 | D:6      | Noticed Edmund
  3306 | D:6      | Found Vahep's Antique Weapon Emporium.
  3323 | D:6      | Found Kenepas's Antique Armour Boutique.
  3340 | D:6      | Reached * piety under Okawaru
  3342 | D:6      | Found a sand-covered staircase.
  3346 | D:6      | HP: 3/61 [orc wizard/puff of flame (2)]
  3351 | Ossuary  | Entered an ossuary
  3398 | Ossuary  | Reached skill level 8 in Long Blades
  3402 | Ossuary  | Reached XP level 8. HP: 12/69 MP: 4/7
  3720 | Ossuary  | Reached skill level 9 in Long Blades
  4392 | D:6      | Found a large runed translucent door.
  4392 | D:6      | Found a large runed translucent door.
  4491 | D:6      | Found an ancient bone altar of Kikubaaqudgha.
  4529 | D:6      | Found a large runed translucent door.
  4531 | D:6      | Found a large runed translucent door.
  4535 | D:6      | Noticed a cyan ugly thing
  4669 | D:6      | Found Uluoloiv's Book Boutique.
  4755 | D:6      | Killed Edmund
  4755 | D:6      | Reached ** piety under Okawaru
  4756 | D:6      | Reached skill level 10 in Long Blades
  4937 | D:6      | Reached XP level 9. HP: 74/78 MP: 8/8
  4976 | D:6      | Identified the +11 shortbow of the Vaults {flame, rElec
                  | Str+2}
  5094 | D:6      | Slain by a vampire

Illustrated notes

Levels and vault maps discovered:
D:1:      elethiomel_arrival_diamonds, layout_loops_ring,
          ebering_ecumenical_altar_mist, dk_noncrumbling_2, minmay_tromino_v4_b
D:2:      layout_rooms
D:3:      layout_basic, kennysheep_generic_room_16
D:4:      nicolae_BIG_FREAKIN_CUBE, layout_basic, minmay_temple_entry_mist,
          uniq_blork_the_orc, uniq_menkaure, uniq_eustachio
D:5:      layout_loops_ring
D:6:      layout_gridville, kennysheep_little_box, serial_shops,
          nicolae_take_the_stairs, nicolae_inconvenience_store, kennysheep_mini,
          shop, nicolae_shop_competitors_out_of_business, enter_ossuary_1,
          minmay_hollow_rounded_squares, uniq_edmund
D:7:      layout_rooms
Temple:   mainiacjoe_temple_circle_huts

Skill      XL: |  1  2  3  4  5  6  7  8  9 |
---------------+----------------------------+-----
Shields        | 4 5 6 7 |  7.0
Fighting       | 4 5 6 7 |  7.1
Armour         | 4 5 6 7 |  7.6
Long Blades    | 3 5 6 8 10 | 10.5
Dodging        | |  0.6
Invocations    | |  0.2

Action                   |  1- 3 |  4- 6 |  7- 9 || total
-------------------------+-------+-------+-------++-------
Melee: Long sword        |    95 |   131 |   250 ||   476
       Headbutt          |    12 |    17 |    43 ||    72
Invok: Heroism           |       |       |     5 ||     5
  Use: Scroll            |     1 |       |     5 ||     6
       Potion            |     1 |       |     1 ||     2
Armor: Chain mail        |     6 |       |       ||     6
       Plate armour      |    62 |   105 |   166 ||   333
Dodge: Dodged            |    37 |    32 |    67 ||   136
Block: Buckler           |    16 |    37 |    56 ||   109
